AoeStats
← 牛油果

Nomad

509153551Analyzed
4v4 RM · 7d ago on Sep 25, 2026· 30m 33s· 8 players
Game mode
Random Map
Map size
231×231
Population
200
Speed
Normal
Resources
Standard
Victory
Conquest
Starting age
Dark Age
Ending age
Imperial Age
RankedLock teamsTeams togetherTeam positionsShared explorationLock speedFull tech treeHidden civsTurbo modeCheats
Victory
Defeat
🇭🇰 Hindustanis · Hong Kong SAR China
1585
+11
🇭🇰 Varangians · Hong Kong SAR China
1475
+15
🇭🇰 Celts · Hong Kong SAR China
1473
+15
🇭🇰 Italians · Hong Kong SAR China
1453
+16
🇹🇷 Vikings · Türkiye
1502
-15
🇺🇸 Varangians · United States
1474
-15
🇹🇷 Dravidians · Türkiye
1440
-14
🇹🇷 Japanese · Türkiye
1431
-13
EXILE | NOPALITO
3:43 Loom
18:01 Feudal Age
18:19 Man-at-Arms
18:52 Town Watch
20:14 Fletching
21:37 Arson
27:27 Castle Age
waLLefps.
8:49 Loom
14:56 Feudal Age
15:43 Double-Bit Axe
18:28 Castle Age
17:22 Horse Collar
20:13 Padded Archer Armor
20:06 Fletching
23:59 Bodkin Arrow
25:21 Bow Saw
27:09 Wheelbarrow
28:04 Heavy Plow
28:49 Squires
30:13 Scale Mail Armor
Yokolucu
11:30 Loom
14:53 Feudal Age
18:31 Castle Age
17:00 Horse Collar
17:41 Double-Bit Axe
19:22 Bow Saw
19:16 Heavy Plow
GPA_PisagorAmca
5:40 Loom
14:31 Feudal Age
19:17 Castle Age
17:08 Double-Bit Axe
20:55 Fletching
馬仔
3:52 Loom
16:56 Feudal Age
17:34 Fishing Lines
21:18 Castle Age
19:38 Double-Bit Axe
20:21 Gold Mining
21:49 Stone Mining
23:33 Bow Saw
25:16 Wheelbarrow
26:05 Fletching
牛油果
5:14 Loom
12:50 Feudal Age
16:26 Castle Age
15:13 Double-Bit Axe
17:21 Bow Saw
17:14 Scale Mail Armor
18:14 Chain Mail Armor
23:15 Wheelbarrow
22:49 Horse Collar
25:05 Forging
26:09 Heavy Plow
29:26 Hand Cart
29:45 Squires
29:32 Arson
31:05 Heavy Plow
evi
5:04 Loom
13:03 Feudal Age
19:46 Castle Age
17:34 Double-Bit Axe
21:59 Bow Saw
27:46 Wheelbarrow
30:44 Town Watch
局長
5:28 Loom
13:28 Feudal Age
14:07 Double-Bit Axe
14:31 Gold Mining
18:36 Stone Mining
21:00 Castle Age
18:56 Fishing Lines
23:06 Medium Warships
27:34 Imperial Age
25:38 Fletching
25:49 Padded Archer Armor
26:47 Bow Saw
28:59 Wheelbarrow
28:24 Gillnets
29:49 Chemistry
29:09 Bodkin Arrow
29:30 Leather Archer Armor
30:55 Ballistics
Connection lost

Rejoining the realm…

Still unreachable

The connection could not be restored.

Session expired

The server has moved on; the page needs a fresh start.